 Dungeon Crawl Stone Soup version 0.21-a0-150-gc243083 (webtiles) character file.

856 grindst0ne the Skirmisher (level 8, -5/73 HPs)
             Began as a Hill Orc Abyssal Knight on July 26, 2017.
             Was a Priest of Lugonu.
             Killed by divine providence
             ... invoked by an orc priest
              (17 damage)
             ... on level 5 of the Dungeon.
             The game lasted 00:08:08 (4155 turns).

grindst0ne the Skirmisher (Hill Orc Abyssal Knight) Turns: 4155, Time: 00:08:09

Health: -5/73      AC: 12    Str: 17    XL:     8   Next: 2%
Magic:  13/13      EV:  7    Int: 12    God:    Lugonu [***...]
Gold:   122        SH:  0    Dex: 10    Spells: 7/7 levels left

rFire    . . .     SeeInvis .   x - +0 war axe
rCold    . . .     Gourm    .   (no shield)
rNeg     . . .     Faith    .   j - +4 chain mail
rPois    .         Spirit   .   (no helmet)
rElec    .         Reflect  .   (no cloak)
rCorr    .         Harm     .   (no gloves)
MR       .....                  (no boots)
Stlth    ..........             (no amulet)
HPRegen  0.22/turn              (no ring)
MPRegen  0.13/turn              (no ring)

@: no status effects
A: no striking features
a: Depart the Abyss, Bend Space, Banish, Renounce Religion, Convert to Beogh


You were on level 5 of the Dungeon.
You worshipped Lugonu.
Lugonu was most pleased with you.
You were not hungry.

You visited 1 branch of the dungeon, and saw 5 of its levels.
You visited the Abyss 1 time.

You collected 122 gold pieces.

Inventory:

Hand Weapons
 a - a +1 hand axe
 x - a +0 war axe (weapon)
 z - a -1 battleaxe
 D - the +8 shortbow of Floods {freeze, MR++ Dex+4 SInv}
   (You found it on level 4 of the Dungeon)

   It causes projectiles fired from it to freeze those they strike, causing
   extra injury to most foes and up to half again as much damage against
   particularly susceptible opponents.
   They can also slow down cold-blooded creatures.
   It affects your dexterity (+4).
   It affects your resistance to hostile enchantments.
   It lets you see invisible.
Armour
 b - a +0 leather armour
 f - a +0 chain mail
 j - a +4 chain mail (worn)
Jewellery
 s - an uncursed ring of poison resistance {unknown}
Wands
 t - a wand of flame (15/48)
Scrolls
 d - 3 scrolls of enchant weapon {unknown}
 h - 2 scrolls of fear {unknown}
 k - 4 scrolls of remove curse
 m - 2 scrolls of blinking {unknown}
 o - 2 scrolls of random uselessness {unknown}
 p - 3 scrolls of teleportation
 y - 3 scrolls of recharging {unknown}
 A - a scroll of noise {unknown}
 C - a scroll of immolation {unknown}
Potions
 e - a potion of heal wounds
 g - a potion of mutation
 n - a potion of agility
 q - a potion of curing
 r - a potion of cancellation
 v - a potion of ambrosia
 w - a potion of resistance
 B - a potion of degeneration
Comestibles
 c - 3 bread rations
 i - a meat ration
 u - 5 fruits


   Skills:
 + Level 7.3 Fighting
 + Level 6.7 Axes
 - Level 2.1 Armour
 - Level 0.7 Dodging
 + Level 6.9 Invocations


You had 7 spell levels left.
You didn't know any spells.

Dungeon Overview and Level Annotations

Branches:
Dungeon (5/15)
 Temple: D:4-7

Altars:
Gozag
Sif Muna
Vehumet


Message History

You closely miss the orc priest.
The orc priest is moderately wounded.
The orc priest calls down the wrath of Beogh upon you.
Beogh smites you!
* * * LOW HITPOINT WARNING * * *
You hit the orc priest.
The orc priest shouts, "Join the one true god or die!"
The orc priest is severely wounded.
You slash the orc!
You kill the orc!
Lugonu accepts your kill.
The centaur unwields an uncursed shortbow.
The centaur closely misses you.
An orc wizard comes into view. It is wielding a dagger.
The orc wizard shouts!
You hit the centaur but do no damage. The centaur hits you!
* * * LOW HITPOINT WARNING * * *
The orc priest calls down the wrath of Beogh upon you.
Beogh smites you!
You die...

..c......#
......oo.#
....o....#
#.#.#.#..######
.......(.......
#.#.#.#o#######
........(o..o#
#.#.#.#.####c#
........o..@)#
#.#.#.#.######
..........#####
#.#[####......#
#.#....<..###.#
#.........#
#.........#
#............
##...........


You could see a centaur, an orc priest and an orc wizard.

Vanquished Creatures
  3 ogres
  Blork the orc (D:3)
  A scorpion (D:4)
  3 hounds (D:4)
  An orc priest (D:4)
  4 orc wizards (D:4)
  2 bullfrog skeletons
  A worker ant (D:4)
  7 adders
  A shadow imp (D:4)
  An ooze (D:3)
  An adder skeleton (D:4)
  5 worms
  3 dart slugs
  A leopard gecko (D:1)
  9 orcs
  3 giant cockroaches
  4 goblins
  6 hobgoblins
  10 jackals
  4 quokkas
  10 bats
  7 frilled lizards
  3 kobolds (D:2)
  7 rats
98 creatures vanquished.

Notes
Turn   | Place    | Note
-------+----------+-------------------------------------------
     0 | Abyss:1  | grindst0ne the Hill Orc Abyssal Knight began the quest for the Orb.
     0 | Abyss:1  | Reached XP level 1. HP: 19/19 MP: 2/2
    57 | Abyss:1  | Noticed a flying skull
    84 | Abyss:1  | Noticed a chaos spawn
    87 | D:1      | Escaped the Abyss
   416 | D:1      | Reached * piety under Lugonu
   530 | D:1      | Reached XP level 2. HP: 27/27 MP: 4/4
  1032 | D:2      | Reached skill level 4 in Fighting
  1101 | D:2      | Reached XP level 3. HP: 11/33 MP: 5/5
  1302 | D:2      | You fall through a shaft for 2 floors!
  1325 | D:4      | Reached XP level 4. HP: 39/41 MP: 5/7
  1520 | D:2      | Reached ** piety under Lugonu
  1536 | D:2      | You fall through a shaft for 2 floors!
  1536 | D:4      | Noticed an ogre
  1541 | D:4      | Noticed an ogre
  1549 | D:4      | Found a radiant altar of Vehumet.
  1563 | D:3      | Reached skill level 5 in Fighting
  1579 | D:3      | Killed an ogre
  1579 | D:3      | Reached skill level 5 in Invocations
  1579 | D:3      | Reached XP level 5. HP: 16/48 MP: 8/8
  2272 | D:3      | Reached XP level 6. HP: 56/56 MP: 9/9
  2331 | D:3      | Found an opulent altar of Gozag.
  2616 | D:3      | Noticed Blork the orc
  2630 | D:3      | Killed Blork the orc
  2630 | D:3      | Reached skill level 6 in Fighting
  2630 | D:3      | Reached skill level 5 in Axes
  2634 | D:3      | Found a deep blue altar of Sif Muna.
  2851 | D:4      | Reached XP level 7. HP: 37/64 MP: 11/11
  3221 | D:4      | Reached *** piety under Lugonu
  3480 | D:4      | Reached skill level 7 in Fighting
  3631 | D:4      | Got a bloodstained shortbow
  3632 | D:4      | Identified the +8 shortbow of Floods {freeze, MR++ Dex+4 SInv} (You found it on level 4 of the Dungeon)
  3943 | D:3      | Reached XP level 8. HP: 71/73 MP: 13/13
  4126 | D:5      | Entered Level 5 of the Dungeon
  4155 | D:5      | Killed from afar by an orc priest

Vault maps used:
D:1:      dpeg_arrival_tiny_a
D:2:      kennysheep_generic_room_12
D:3:      grunt_gozag_statues, tgw_sif, serial_glass, glass_columns_a,
          glass_columns_a
D:4:      vehumet_altar_wand_db, first_bread
D:5:      temple_green, serial_glass, glass_columns_a, glass_columns_a,
          glass_columns_c, glass_columns_b, glass_columns_b, glass_columns_a,
          minmay_strange_pillars
Abyss:1:  hangedman_decor_riveting

Skill      XL: |  1  2  3  4  5  6  7 |
---------------+----------------------+-----
Invocations    | 3 4 5 6 |  6.9
Fighting       | 4 5 6 7 |  7.3
Axes           | 3 4 5 6 |  6.7
Armour         | |  2.1
Dodging        | |  0.7

Action                   |  1- 3 |  4- 6 |  7- 9 || total
-------------------------+-------+-------+-------++-------
Melee: Hand axe          |    78 |    11 |       ||    89
       War axe           |       |   149 |   170 ||   319
Invok: Depart the Abyss  |     1 |       |       ||     1
       Bend Space        |       |       |     6 ||     6
Evoke: Wand              |       |     8 |       ||     8
  Use: Potion            |       |     2 |     1 ||     3
       Scroll            |       |       |    11 ||    11
  Eat: Chunk             |     1 |     5 |     5 ||    11
Armor: Leather armour    |    22 |       |       ||    22
       Chain mail        |    20 |   174 |   102 ||   296
       Skin              |       |     4 |       ||     4
Dodge: Dodged            |    50 |   101 |    57 ||   208
